 Dungeon Crawl Stone Soup version 0.25.1-8-g42b30a86e7 (webtiles) character file.

Game seed: 18176299919543877143

85 Clowwww the Shield-Bearer (level 4, 0/40 HPs)
             Began as a Hill Orc Fighter on Nov 30, 2020.
             Killed by nerve-wracking pain
             ... invoked by an orc priest
              (1 damage)
             ... on level 2 of the Dungeon.
             The game lasted 00:03:38 (1309 turns).

Clowwww the Shield-Bearer (Hill Orc Fighter)        Turns: 1309, Time: 00:03:38

Health: 0/40       AC:  7    Str: 19    XL:     4   Next: 48%
Magic:  4/4        EV:  7    Int:  8    God:
Gold:   79         SH:  9    Dex: 10    Spells: 3/3 levels left

rFire    . . .     SeeInvis .   a - +0 war axe
rCold    . . .     Gourm    .   c - +0 kite shield
rNeg     . . .     Faith    .   b - +0 scale mail
rPois    .         Spirit   .   (no helmet)
rElec    .         Reflect  .   (no cloak)
rCorr    .         Harm     .   (no gloves)
MR       .....                  (no boots)
Stlth    ..........             (no amulet)
HPRegen  0.13/turn              (no ring)
MPRegen  0.09/turn              (no ring)

@: no status effects
A: no striking features
a: Convert to Beogh


You were on level 2 of the Dungeon.
You were hungry.

You visited 1 branch of the dungeon, and saw 2 of its levels.

You collected 79 gold pieces.

Inventory:

Hand Weapons
 a - a +0 war axe (weapon)
Armour
 b - a +0 scale mail (worn)
 c - a +0 kite shield (worn)
Scrolls
 i - 2 scrolls of identify {unknown}
 k - a scroll of blinking {unknown}
 l - a scroll of magic mapping {unknown}
 m - a scroll of enchant armour {unknown}
 o - a scroll of enchant weapon {unknown}
Potions
 d - a potion of might
 e - a potion of curing {unknown}
 h - a potion of haste {unknown}
 j - 2 potions of degeneration {unknown}
 n - a potion of brilliance {unknown}
Comestibles
 f - 3 rations
 g - 4 chunks of flesh


   Skills:
 + Level 4.2 Fighting
 + Level 3.8 Axes
 + Level 3.7 Armour
 + Level 0.3 Dodging
 + Level 4.3 Shields


You had 3 spell levels left.
You didn't know any spells.
Your spell library was empty.

Dungeon Overview and Level Annotations

Branches:
Dungeon (2/15)

Altars:


Message History

The orc priest hits you but does no damage.
You hit the orc priest.
The orc priest threatens, "By the altar or by the axe, you will meet Beogh!"
The orc priest is severely wounded.
The orc priest hits you with a +0 trident.
* * * LOW HITPOINT WARNING * * *
You closely miss the orc priest.
The orc priest is severely wounded.
The orc priest hits you with a +0 trident.
* * * LOW HITPOINT WARNING * * *
You hit the orc priest.
The orc priest shouts, "Beogh is our master!
Accept the truth or die!"
The orc priest is almost dead.
The orc priest looks braver for a moment.
You hit the orc priest but do no damage.
The orc priest is almost dead.
You block the orc priest's attack.
The orc priest invokes the aid of Beogh against you.
Pain shoots through your body!
You die...

..... .....##
..(.... .......
##### ....... ...
....... ..#
.......######.####.#
......o@)..........#
.......######<######
####### ###


You could see an orc priest.

Vanquished Creatures
  An orc wizard (D:2)
  A gnoll (D:1)
  3 dart slugs (D:1)
  2 leopard geckos
  2 orcs (D:2)
  A giant cockroach (D:1)
  2 goblins (D:1)
  2 hobgoblins
  7 jackals (D:1)
  3 kobolds (D:1)
  9 bats (D:1)
  3 frilled lizards (D:1)
  4 rats (D:1)
40 creatures vanquished.

Vanquished Creatures (others)
  A frilled lizard (D:1)
1 creature vanquished.

Grand Total: 41 creatures vanquished

Notes
Turn   | Place    | Note
-------+----------+-------------------------------------------
     0 | D:1      | Clowwww the Hill Orc Fighter began the quest for the Orb.
     0 | D:1      | Reached XP level 1. HP: 19/19 MP: 1/1
    92 | D:1      | Reached XP level 2. HP: 10/27 MP: 2/2
   639 | D:1      | Reached XP level 3. HP: 27/33 MP: 3/3
  1294 | D:2      | Reached XP level 4. HP: 34/40 MP: 4/4
  1307 | D:2      | HP: 1/40 [orc priest/+0 trident (2)]
  1309 | D:2      | Killed from afar by an orc priest

Illustrated notes

Levels and vault maps discovered:
D:1:      minmay_arrival_three_doors, layout_loops_corners, lemuel_flame_loot_1
D:2:      layout_basic, first_ration, uniq_terence, uniq_robin,
          uniq_crazy_yiuf_cottage

Skill      XL: |  1  2  3 |
---------------+----------+-----
Fighting       | 4 |  4.2
Axes           | 3 |  3.8
Shields        | 4 |  4.3
Armour         | |  3.7
Dodging        | |  0.3

Action                   |  1- 3 |  4- 6 || total
-------------------------+-------+-------++-------
Melee: War axe           |   123 |    13 ||   136
  Eat: Chunk             |     1 |       ||     1
Armor: Scale mail        |    90 |     6 ||    96
Dodge: Dodged            |    62 |     1 ||    63
Block: Kite shield       |    79 |     3 ||    82
